 Dungeon Crawl Stone Soup version 0.18-a0-1354-gbc5753f (webtiles) character file.

113 Duffy the Chopper (level 4, 0/37 HPs)
             Began as a Hill Orc Gladiator on Feb 19, 2016.
             Succumbed to an adder's poison
             ... on level 3 of the Dungeon.
             The game lasted 00:02:06 (2368 turns).

Duffy the Chopper (Hill Orc Gladiator)              Turns: 2368, Time: 00:02:06

Health: 0/37       AC:  5    Str: 17    XL:     4   Next: 96%
Magic:  4/4        EV: 12    Int:  8    God:
Gold:   82         SH:  0    Dex: 12    Spells: 0 memorised, 3 levels left

rFire  + . .     SeeInvis .     a - +0 war axe
rCold  . . .     Gourm    .     b - +0 leather armour
rNeg   . . .     Faith    .     (no shield)
rPois  .         Spirit   .     c - +1 helmet
rElec  .         Dismiss  .     (no cloak)
rCorr  .         Reflect  .     (no gloves)
SustAt .         Harm     .     (no boots)
MR     .....                    (no amulet)
Stlth  +.........               (no ring)
                                o - ring of protection from fire

@: lethally poisoned (0 -> -5), not resistant to hostile enchantments, very
unstealthy
A: no striking features
a: no special abilities


You were on level 3 of the Dungeon.
You were hungry.

You visited 1 branch of the dungeon, and saw 3 of its levels.

You collected 82 gold pieces.


   Skills:
 - Level 2.4 Fighting
 + Level 7.2 Axes
 - Level 1.7 Throwing
 - Level 2.4 Dodging


You had 3 spell levels left.
You didn't know any spells.

Inventory:

Hand Weapons
 a - a +0 war axe (weapon)
Missiles
 d - 4 throwing nets (quivered)
Armour
 b - a +0 leather armour (worn)
 c - a +1 helmet (worn)
Jewellery
 g - an uncursed ring of ice
 m - an uncursed ring of teleportation
 o - a ring of protection from fire (left hand)
Scrolls
 h - 2 scrolls of enchant armour
 l - a scroll of teleportation
 n - 2 scrolls of identify {unknown}
Potions
 e - 4 potions of curing {unknown}
 k - a potion of lignification {unknown}
 p - a potion of resistance {unknown}
Comestibles
 f - a bread ration
 i - 4 meat rations
 j - 2 chunks of flesh

Dungeon Overview and Level Annotations

Branches:
Dungeon (3/15)

Altars:
Xom
Yredelemnul


Message History

You are too injured to fight recklessly!
You are too injured to fight recklessly!
You are too injured to fight recklessly!
You are too injured to fight recklessly!
You are too injured to fight recklessly!
You are too injured to fight recklessly!
You are too injured to fight recklessly!
You are too injured to fight recklessly!
You are too injured to fight recklessly!
You are too injured to fight recklessly!
You are too injured to fight recklessly!
You barely miss the adder.
The adder is lightly wounded.
You feel sick. The adder barely misses you.
You barely miss the adder.
The adder is lightly wounded.
You feel sick. The adder misses you.
You slash the adder!
The adder is severely wounded.
You feel sick. The adder bites you.
You are more poisoned.
The adder poisons you! The adder barely misses you.
You barely miss the adder.
The adder is severely wounded.
You feel sick. The adder closely misses you. The adder barely misses you.
You slash the adder!
You kill the adder!
You feel sick.
You feel sick.
You feel sick.
You feel sick.
You feel sick.
You feel sick.
You feel sick.
You die...

#.###.............
###.#...........####
#.....#.......### #
###.....#####...# #
#.......# ###.# #
#.#.....##### #.# ##
###.#.....(...###.#####.
.........####...........
###....@.# #####.#.###.
##......# #.# #. ####
####......## #.# #. #..#
#....#...## #.# #. #..#
#.##...### #.# #. #..#
#.###.## #.# #. #..# #.#
#.# #.# # #..# #.# #.#
#.# #..###.###.# #.#


There were no monsters in sight!

Action                   |  1- 3 |  4- 6 || total
-------------------------+-------+-------++-------
Melee: War axe           |    61 |    46 ||   107
  Use: Scroll            |       |     3 ||     3
  Eat: Chunk             |     2 |     2 ||     4

Notes
Turn   | Place    | Note
--------------------------------------------------------------
     0 | D:1      | Duffy the Hill Orc Gladiator began the quest for the Orb.
     0 | D:1      | Reached XP level 1. HP: 18/18 MP: 1/1
   264 | D:1      | Reached XP level 2. HP: 15/25 MP: 2/2
   436 | D:1      | Reached skill level 5 in Axes
   443 | D:1      | Reached XP level 3. HP: 9/30 MP: 3/3
  1025 | D:2      | Found a basalt altar of Yredelemnul.
  1364 | D:2      | Found a faded altar to an unknown god.
  1393 | D:3      | Reached skill level 6 in Axes
  1582 | D:3      | Found a shimmering altar of Xom.
  1593 | D:3      | Reached XP level 4. HP: 30/37 MP: 4/4
  2088 | D:2      | Reached skill level 7 in Axes
  2368 | D:3      | Succumbed to an adder's poison

Vault maps used:
D:1:      minmay_arrival_up_and_down
D:2:      yredelemnul_altar_generic, ecumenical_altar_1, hangedman_decor_points
D:3:      xom_teletrap_fun, tso_altar

Vanquished Creatures
  5 gnolls
  3 adders
  A giant gecko
  5 giant cockroaches
  3 goblins
  2 hobgoblins
  3 jackals
  A quokka
  3 bats
  4 kobolds
  9 rats
39 creatures vanquished.
